[ AOE2 MATCH · #508102783 ]
UnrankedHindustanis vs Mongols
Rival team · WIN
[ REPLAY ANALYSIS · EXTRACTED FROM THE RECORDED GAME ]
Feudal
—
Castle
—
Imperial
—
| APM avg | 85.5 |
| APM peak | 107 |
| eAPM avg | 24.8 |
| Villagers / military | 30 / 0 |
Focus
⚔️ 31.6% · 🌾 68.4%
Feudal
8:54
Castle
—
Imperial
—
| APM avg | 54.5 |
| APM peak | 113 |
| eAPM avg | 13.4 |
| Villagers / military | 21 / 4 |
Focus
⚔️ 24.2% · 🌾 75.8%
Militia ×4
Match map
Initial resources + every placement click. Lines = walls · curves = elevation contours. ◆ gold · ⬟ stone · ● berries · ✦ relic · ◌ wall gap
Your base
DS_Rene Lavand's base
Smoothed initial terrain · ◌ = detected wall gap · hover for details
Inputs per minute
— Im_16Years_Old_IamCaPte - - DS_Rene Lavand
Build order — Im_16Years_Old_IamCaPte
41 actions detected in the replay
| 0:00 | Queue | Villager (Male) |
| 0:00 | Queue | Villager (Male) |
| 0:00 | Queue | Villager (Male) |
| 0:01 | Queue | Villager (Male) |
| 0:01 | Build | House |
| 0:02 | Build | House |
| 1:31 | Queue | Villager (Male) |
| 1:38 | Queue | Villager (Male) |
| 1:53 | Build | Lumber Camp |
| 2:16 | Queue | Villager (Male) |
| 2:42 | Queue | Villager (Male) |
| 2:42 | Queue | Villager (Male) |
| 2:49 | Build | House |
| 3:04 | Queue | Villager (Male) |
| 3:05 | Queue | Villager (Male) |
| 3:05 | Queue | Villager (Male) |
| 3:28 | Build | House |
| 3:36 | Queue | Villager (Male) |
| 3:36 | Queue | Villager (Male) |
| 4:02 | Queue | Villager (Male) |
| 4:21 | Queue | Villager (Male) |
| 4:21 | Queue | Villager (Male) |
| 4:39 | Queue | Villager (Male) |
| 4:40 | Queue | Villager (Male) |
| 6:01 | Build | Mill |
| 6:04 | Queue | Villager (Male) |
| 6:32 | Queue | Villager (Male) |
| 6:32 | Queue | Villager (Male) |
| 6:33 | Queue | Villager (Male) |
| 6:33 | Queue | Villager (Male) |
| 6:36 | Build | House |
| 6:52 | Queue | Villager (Male) |
| 6:57 | Build | Mining Camp |
| 7:24 | Queue | Villager (Male) |
| 7:24 | Queue | Villager (Male) |
| 7:58 | Build | Palisade Wall |
| 7:58 | Build | Palisade Wall |
| 8:15 | Research | Loom |
| 8:49 | Queue | Villager (Male) |
| 8:49 | Queue | Villager (Male) |
| 8:49 | Queue | Villager (Male) |
Build order — DS_Rene Lavand
35 actions detected in the replay
| 0:02 | Queue | Villager (Male) |
| 0:02 | Queue | Villager (Male) |
| 0:02 | Queue | Villager (Male) |
| 0:02 | Queue | Villager (Male) |
| 0:02 | Queue | Villager (Male) |
| 0:03 | Queue | Villager (Male) |
| 0:05 | Build | House |
| 0:06 | Build | House |
| 1:43 | Queue | Villager (Male) |
| 1:55 | Queue | Villager (Male) |
| 1:55 | Queue | Villager (Male) |
| 2:21 | Queue | Villager (Male) |
| 2:21 | Queue | Villager (Male) |
| 2:26 | Build | Lumber Camp |
| 2:43 | Queue | Villager (Male) |
| 2:43 | Queue | Villager (Male) |
| 3:12 | Queue | Villager (Male) |
| 3:13 | Queue | Villager (Male) |
| 3:13 | Queue | Villager (Male) |
| 3:27 | Queue | Villager (Male) |
| 3:47 | Build | House |
| 4:10 | Queue | Villager (Male) |
| 4:10 | Queue | Villager (Male) |
| 4:10 | Queue | Villager (Male) |
| 5:31 | Queue | Villager (Male) |
| 5:32 | Research | Loom |
| 5:37 | Build | Barracks |
| 6:03 | Build | House |
| 6:35 | Research | Feudal Age |
| 6:48 | Queue | Militia |
| 6:48 | Queue | Militia |
| 6:48 | Queue | Militia |
| 7:03 | Queue | Militia |
| 7:15 | Build | Mining Camp |
| 8:54 | Age | Feudal Age |
Match timeline
| 5:37 | DS_Rene Lavand · first_building Barracks |
| 7:58 | Im_16Years_Old_IamCaPte · wall_segment Palisade Wall x1 |
| 7:58 | Im_16Years_Old_IamCaPte · wall_segment Palisade Wall x1 |
| 8:54 | DS_Rene Lavand · age_up feudal |
| 8:59 | Im_16Years_Old_IamCaPte · resign |
[ AI ANALYSIS · 1 CREDIT ]
What really happened in this match?
Wolo.gg analyzes every decision: build order, eco, micro, common mistakes by bracket. Personalized analysis on WhatsApp or Discord in 30 seconds.
Civ guide
Hindustanis
Perfil
Im_16Years_Old_IamCaPte